 Dungeon Crawl Stone Soup version 0.32-a0-20-ge526923d97 (webtiles) character file.

Game seed: 7007779615200186704

7 jasper the Apothecary (level 1, -1/14 HPs)
             Began as an Armataur Alchemist on Jan 17, 2024.
             Slain by a gnoll
             ... wielding a +0 spear
              (4 damage)
             ... on level 1 of the Dungeon.
             The game lasted 00:00:47 (296 turns).

jasper the Apothecary (Armataur Alchemist)           Turns: 296, Time: 00:00:47

Health: -1/14      AC:  4    Str: 13    XL:     1   Next: 83%
Magic:  3/3        EV:  9    Int: 15    God:
Gold:   12         SH:  0    Dex: 10    Spells: 3/4 levels left

rFire   . . .        d - +0 club
rCold   . . .        (no shield)
rNeg    . . .        a - +0 robe
rPois   +            (no helmet)
rElec   .            (no cloak)
rCorr   .            (no gloves)
SInv    .            (no barding)
Will    .....        (no amulet)
Stlth   ++           c - ring of poison resistance
HPRegen 0.22/turn    (no ring)
MPRegen 0.41/turn

%: roll
@: studying Throwing
A: large, deformed body, tough skin 3, armoured tail, roll 1
a: no special abilities


You were on level 1 of the Dungeon.
You visited 1 branch of the dungeon, and saw 1 of its levels.

You collected 12 gold pieces.

Inventory:

Hand Weapons
 d - a +0 club (weapon)
Armour
 a - a +0 robe (worn)
Jewellery
 c - a ring of poison resistance (left hand)
Scrolls
 e - a scroll of identify {unknown}
Potions
 b - a potion of magic


   Skills:
 - Level 1.3 Dodging
 - Level 2.1 Stealth
 + Level 2.0 Spellcasting
 - Level 0.8 Conjurations
 + Level 2.9 Alchemy


You had 3 spell levels left.
You knew the following spells:

 Your Spells              Type           Power      Damage    Failure   Level
a - Sting                 Conj/Alch      28%        1d4       10%         1

Your spell library contained the following spells:

 Spells                   Type           Power      Damage    Failure   Level
 Mercury Vapours          Alch/Air       12%        N/A       19%         2
 Mephitic Cloud           Conj/Alch/Air  5%         N/A       36%         3
 Olgreb's Toxic Radiance  Alch           10%        N/A       54%         4
 Sticky Flame             Fire/Alch      6%         2d4       75%         4


Dungeon Overview and Level Annotations

Branches:
Dungeon (1/15)

Altars:


Innate Abilities, Weirdness & Mutations

Armour fits poorly on your strangely shaped body.
You have extremely tough skin. (AC +3)
You have a long armoured tail.
You regenerate magic when rolling toward enemies. (Rampage MPRegen)


Message History

You are very lightly contaminated with residual magic.
Nothing appears to happen.
The giant cockroach misses you.
You hit the giant cockroach.
You kill the giant cockroach!
MP restored: 3
e - a scroll labelled EPSOOT EPROPRU Your magical contamination has completely faded away.
A gnoll comes into view. It is wielding a +0 spear.
The gnoll shouts!
You roll towards the gnoll!
The gnoll hits you from afar with a +0 spear.
You take 5 damage, and have 9/14 hp.
MASSIVE DAMAGE!!
Aiming: Sting (safe; 10% risk of failure)
Press: ? - help, Q - select action Shift-Dir - straight line, f - gnoll
Aim: a gnoll, wielding a +0 spear (72% to hit)
The sting misses the gnoll.
The gnoll hits you from afar with a +0 spear.
You take 2 damage, and have 7/14 hp.
Aiming: Sting (safe; 10% risk of failure)
Press: ? - help, Q - select action Shift-Dir - straight line, f/p - gnoll
Aim: a gnoll, wielding a +0 spear (72% to hit)
The sting hits the gnoll.
The gnoll is poisoned.
The gnoll is lightly wounded.
The gnoll hits you from afar with a +0 spear.
* * * LOW HITPOINT WARNING * * *
You take 5 damage, and have 2/14 hp.
MASSIVE DAMAGE!!
You now have 2/3 mp.
Aiming: Sting (safe; 10% risk of failure)
Press: ? - help, Q - select action Shift-Dir - straight line, f/p - gnoll
Aim: a gnoll, wielding a +0 spear (lightly wounded, poisoned, 72% to hit)
The sting hits the gnoll but does no damage.
The gnoll looks even sicker.
The gnoll is lightly wounded.
The gnoll completely misses you.
Okay, then.
MP restored: 3 The gnoll attacks as it pursues you!
The gnoll barely misses you. The gnoll attacks as it pursues you!
The gnoll hits you from afar with a +0 spear.
You die...

##...####.........###
#.........##....###
##...####.##....#
##.## #.##....# ###
#.#####+# #.# ## #.#
##.###.# #####...##@#
#.......g..+
#.#........#
#.##..#### # ##.# #.#
..# ###


You could see a gnoll (very poisoned).

Vanquished Creatures
  An endoplasm (D:1)
  A giant cockroach (D:1)
  A goblin (D:1)
  A hobgoblin (D:1)
  A ball python (D:1)
  A rat (D:1)
6 creatures vanquished.

Notes
Turn   | Place    | Note
-------+----------+-------------------------------------------
     0 | D:1      | jasper the Armataur Alchemist began the quest for the Orb.
     0 | D:1      | Reached XP level 1. HP: 14/14 MP: 3/3
   296 | D:1      | Slain by a gnoll

Illustrated notes

Levels and vault maps discovered:
D:1:      dpeg_arrival_water_altar, layout_loops_corners

Skill      XL: |  1 |
---------------+----+-----
Spellcasting   | 2 |  2.0
Dodging        | |  1.3
Stealth        | |  2.1
Conjurations   | |  0.8
Alchemy        | |  2.9

Action                     || total
---------------------------++-------
  Melee: Unarmed           ||     4
         Club              ||     1
         Tailslap          ||     1
   Cast: Sting             ||    13
 Armour: Robe              ||     8
  Dodge: Dodged            ||     5

Table legend: (Time is in decaauts)
 A = Elapsed time spent in this place.
 B = Non-inter-level travel time spent in this place.
 C = Inter-level travel time spent in this place.
 D = Time resting spent in this place.
 E = Time spent auto-exploring this place.
 F = Levels seen in this place.
 G = Mean time per level.
                   A        B        C        D        E       F      G
               +--------+--------+--------+--------+--------+-----+--------+
         Total |    295 |    295 |      0 |     13 |    217 |   1 |  295.0 |
       Dungeon |    295 |    295 |      0 |     13 |    217 |   1 |  295.0 |
               +--------+--------+--------+--------+--------+-----+--------+

Top non-repeatable levels by time:
     D:1: 295 daAuts
